SBL
PRESTON EAGLES @ FOOTSCRAY BULLDOGS
04/30/2022
 
TOP OF THE 1ST
Preston Eagles batting - Pitching for Footscray Bulldogs : RHP Colin Ridsdale
Pitching: RHP Colin Ridsdale
Batting: LHB David Scarborough 0-0: Ball
1-0: Foul Ball, location: 3FF
1-1: Foul Ball, location: 2F
1-2: Ball
2-2: Ball
3-2: SOLO HOME RUN (Flyball, 9D, EV 94.4 MPH), Distance : 385 ft
Batting: LHB Tony Hoyle 0-0: Foul Ball, location: 2F
0-1: Ball
1-1: Foul Ball, location: 25F
1-2: SINGLE (Popup, 6D, EV 68.1 MPH)
Batting: RHB R.W. Tattam 0-0: Foul Ball, location: 2F
0-1: Fly out, F8 (Flyball, 8LXD, EV 111.3 MPH)
Batting: RHB Al Clack 0-0: Ball
1-0: Called Strike
1-1: Ball
2-1: Ball
3-1: Base on Balls
Tony Hoyle to second
Batting: LHB Michael Day 0-0: Ball
1-0: Swinging Strike
1-1: Foul Ball, location: 2RF
1-2: Ball
2-2: Foul Ball, location: 23FF
2-2: Fielders Choice at 2nd, 3-6 (Groundball, 34S, EV 88.8 MPH)
Tony Hoyle to third
Batting: LHB Jeff Hegarty 0-0: Called Strike
0-1: Ball
1-1: Ball
2-1: Fielders Choice at 2nd, 6-4 (Groundball, 6, EV 108.8 MPH)
Top of the 1st over - 1 run, 2 hits, 0 errors, 2 left on base; Preston 1 - Footscray 0
BOTTOM OF THE 1ST
Footscray Bulldogs batting - Pitching for Preston Eagles : RHP Luke Marris
Pitching: RHP Luke Marris
Batting: RHB Ray Donaldson 0-0: Fly out, F8 (Flyball, 78M, EV 80.6 MPH)
Batting: RHB Brad Angwin 0-0: Called Strike
0-1: Ball
1-1: Ball
2-1: SINGLE (Line Drive, 78M, EV 90.0 MPH)
Batting: RHB Bob Alley 0-0: Grounds into double play, 5-4-3 (Groundball, 56S, EV 82.5 MPH)
Bottom of the 1st over - 0 runs, 1 hit, 0 errors, 0 left on base; Preston 1 - Footscray 0
TOP OF THE 2ND
Preston Eagles batting - Pitching for Footscray Bulldogs : RHP Colin Ridsdale
Batting: RHB Gavin Hollingsworth 0-0: Called Strike
0-1: Called Strike
0-2: Strikes out swinging
Batting: RHB Zackary Scott 0-0: Ball
1-0: Ball
2-0: Foul Ball, location: 25F
2-1: Ball
3-1: Called Strike
3-2: Ground out 5-3 (Groundball, 56, EV 76.9 MPH)
Batting: RHB Jim Unknown 0-0: Called Strike
0-1: Swinging Strike
0-2: Foul Ball, location: 3F
0-2: Ball
1-2: Ball
2-2: Foul Ball, location: 2F
2-2: Foul Ball, location: 5F
2-2: Ball
3-2: Strikes out swinging
Top of the 2nd over - 0 runs, 0 hits, 0 errors, 0 left on base; Preston 1 - Footscray 0
BOTTOM OF THE 2ND
Footscray Bulldogs batting - Pitching for Preston Eagles : RHP Luke Marris
Batting: RHB Colin Matthews 0-0: Ball
1-0: Ground out 6-3 (Groundball, 6, EV 90.0 MPH)
Batting: RHB Luke Gayford 0-0: Ball
1-0: Ball
2-0: Called Strike
2-1: Called Strike
2-2: Strikes out swinging
Batting: RHB Frank Hore 0-0: Ball
1-0: TRIPLE (Line Drive, 7LD, EV 110.0 MPH)
Batting: RHB Marvin Fairchild 0-0: Fly out, F9 (Flyball, 9D, EV 80.6 MPH)
Bottom of the 2nd over - 0 runs, 1 hit, 0 errors, 1 left on base; Preston 1 - Footscray 0
TOP OF THE 3RD
Preston Eagles batting - Pitching for Footscray Bulldogs : RHP Colin Ridsdale
Batting: LHB David Scarborough 0-0: Fly out, F8 (Flyball, 8LD, EV 106.3 MPH)
Batting: LHB Tony Hoyle 0-0: Swinging Strike
0-1: Swinging Strike
0-2: Ball
1-2: Strikes out swinging
Batting: RHB R.W. Tattam 0-0: Ball
1-0: Ground out 6-3 (Groundball, 6, EV 88.1 MPH)
Top of the 3rd over - 0 runs, 0 hits, 0 errors, 0 left on base; Preston 1 - Footscray 0
BOTTOM OF THE 3RD
Footscray Bulldogs batting - Pitching for Preston Eagles : RHP Luke Marris
Batting: SHB Matt Brentnall 0-0: Fly out, F4 (Popup, 23, EV 87.5 MPH)
Batting: RHB Jeff Grieves 0-0: Swinging Strike
0-1: Ball
1-1: Ball
2-1: Fly out, F5 (Line Drive, 5L, EV 69.4 MPH)
Batting: RHB Ray Donaldson 0-0: Called Strike
0-1: Ball
1-1: Called Strike
1-2: Foul Ball, location: 2F
1-2: Strikes out swinging
Bottom of the 3rd over - 0 runs, 0 hits, 0 errors, 0 left on base; Preston 1 - Footscray 0
TOP OF THE 4TH
Preston Eagles batting - Pitching for Footscray Bulldogs : RHP Colin Ridsdale
Batting: RHB Al Clack 0-0: Ground out 5-3 (Groundball, 56S, EV 85.6 MPH)
Batting: LHB Michael Day 0-0: Called Strike
0-1: Ball
1-1: Fly out, F4 (Popup, 4S, EV 59.4 MPH)
Batting: LHB Jeff Hegarty 0-0: Ball
1-0: Ball
2-0: Foul Ball, location: 2F
2-1: Swinging Strike
2-2: Foul Ball, location: 2F
2-2: Fly out, F8 (Flyball, 89M, EV 93.8 MPH)
Top of the 4th over - 0 runs, 0 hits, 0 errors, 0 left on base; Preston 1 - Footscray 0
BOTTOM OF THE 4TH
Footscray Bulldogs batting - Pitching for Preston Eagles : RHP Luke Marris
Batting: RHB Brad Angwin 0-0: Ground out 6-3 (Groundball, 6, EV 84.4 MPH)
Batting: RHB Bob Alley 0-0: Called Strike
0-1: Fly out, F3 (Popup, 3F, EV 55.0 MPH)
Batting: RHB Colin Matthews 0-0: Ball
1-0: Ground out 4-3 (Groundball, 4, EV 102.5 MPH)
Bottom of the 4th over - 0 runs, 0 hits, 0 errors, 0 left on base; Preston 1 - Footscray 0
TOP OF THE 5TH
Preston Eagles batting - Pitching for Footscray Bulldogs : RHP Colin Ridsdale
Batting: RHB Gavin Hollingsworth 0-0: Ball
1-0: Foul Ball, location: 5F
1-1: Called Strike
1-2: Ground out 6-3 (Groundball, 6S, EV 69.4 MPH)
Batting: RHB Zackary Scott 0-0: Called Strike
0-1: Swinging Strike
0-2: Ball
1-2: Ball
2-2: Strikes out swinging
Batting: RHB Jim Unknown 0-0: Ball
1-0: SINGLE (Line Drive, 3D, EV 108.8 MPH)
Batting: LHB David Scarborough 0-0: Swinging Strike
0-1: Swinging Strike
0-2: Ball
1-2: Ball
2-2: Ball
3-2: Strikes out swinging
Top of the 5th over - 0 runs, 1 hit, 0 errors, 1 left on base; Preston 1 - Footscray 0
BOTTOM OF THE 5TH
Footscray Bulldogs batting - Pitching for Preston Eagles : RHP Luke Marris
Batting: RHB Luke Gayford 0-0: Ball
1-0: Ball
2-0: SINGLE (Groundball, 4D, EV 102.5 MPH)
Batting: RHB Frank Hore 0-0: Swinging Strike
0-1: Ball
1-1: Fielders Choice at 2nd, 3-6 (Groundball, 3S, EV 88.8 MPH)
Batting: RHB Marvin Fairchild 0-0: Called Strike
0-1: Ball
1-1: Ball
2-1: Swinging Strike
2-2: Grounds into double play, 5-4-3 (Groundball, 56, EV 106.3 MPH)
Bottom of the 5th over - 0 runs, 1 hit, 0 errors, 0 left on base; Preston 1 - Footscray 0
TOP OF THE 6TH
Preston Eagles batting - Pitching for Footscray Bulldogs : RHP Colin Ridsdale
Batting: LHB Tony Hoyle 0-0: Ball
1-0: Ball
2-0: Foul Ball, location: 5DF
2-1: Ball
3-1: SINGLE (Line Drive, 78S, EV 108.8 MPH)
Batting: RHB R.W. Tattam 0-0: SINGLE (Groundball, 6MD, EV 110.0 MPH)
Tony Hoyle to second
Batting: RHB Al Clack 0-0: Ball
1-0: Fielders Choice at 2nd, 5-4 (Groundball, 56S, EV 80.6 MPH)
Tony Hoyle to third
Batting: LHB Michael Day 0-0: Foul Ball, location: 2F
0-1: Ball
1-1: Swinging Strike
1-2: Ball
2-2: Strikes out swinging
Batting: LHB Jeff Hegarty 0-0: Ball
1-0: Called Strike
1-1: Foul Ball, location: 5F
1-2: Foul Ball, location: 3DF
1-2: Strikes out swinging
Top of the 6th over - 0 runs, 2 hits, 0 errors, 2 left on base; Preston 1 - Footscray 0
BOTTOM OF THE 6TH
Footscray Bulldogs batting - Pitching for Preston Eagles : RHP Luke Marris
Batting: SHB Matt Brentnall 0-0: Ball
1-0: Fly out, F9 (Flyball, 9D, EV 95.6 MPH)
Batting: RHB Jeff Grieves 0-0: Ground out U3 (Groundball, 34, EV 100.6 MPH)
Batting: RHB Ray Donaldson 0-0: SINGLE (Groundball, 4S, EV 67.5 MPH) (infield hit)
Batting: RHB Brad Angwin 0-0: Ball
1-0: Ball
Ray Donaldson steals 2nd base
2-0: Ground out U3 (Groundball, 34, EV 84.4 MPH)
Bottom of the 6th over - 0 runs, 1 hit, 0 errors, 1 left on base; Preston 1 - Footscray 0
TOP OF THE 7TH
Preston Eagles batting - Pitching for Footscray Bulldogs : RHP Colin Ridsdale
Batting: RHB Gavin Hollingsworth 0-0: Ball
1-0: Called Strike
1-1: Foul Ball, location: 3F
1-2: Ball
2-2: Foul Ball, location: 23F
2-2: Ball
3-2: Foul Ball, location: 9LMF
3-2: SINGLE (Line Drive, 89S, EV 101.3 MPH)
Pitching: RHP Destin Stuckey
Batting: RHB Zackary Scott 0-0: Ball
1-0: Fly out, F7 (Flyball, 78D, EV 106.9 MPH)
Batting: RHB Jim Unknown 0-0: Ball
1-0: Called Strike
1-1: Ball
2-1: Swinging Strike
2-2: Strikes out swinging
Batting: LHB David Scarborough 0-0: Ball
1-0: Foul Ball, location: 2F
1-1: Fly out, F5 (Popup, 5F, EV 81.3 MPH)
Top of the 7th over - 0 runs, 1 hit, 0 errors, 1 left on base; Preston 1 - Footscray 0
BOTTOM OF THE 7TH
Footscray Bulldogs batting - Pitching for Preston Eagles : RHP Luke Marris
Batting: RHB Bob Alley 0-0: Ball
1-0: Ball
2-0: Foul Ball, location: 2F
2-1: Ball
3-1: DOUBLE (Flyball, 9LD, EV 101.9 MPH)
Batting: RHB Colin Matthews 0-0: Called Strike
0-1: Ball
1-1: Foul Ball, location: 23F
1-2: Ball
2-2: Ground out 4-3 (Groundball, 4M, EV 83.8 MPH)
Pinch Hitting: LHB Ethan Rymer 0-0: Ball
1-0: Foul Ball, location: 2F
1-1: Ground out U3 (Groundball, 3, EV 104.4 MPH)
Bob Alley to third
Batting: RHB Frank Hore 0-0: Ball
1-0: Foul Ball, location: 23FF
1-1: Fly out, F9 (Flyball, 9LDF, EV 93.1 MPH)
Bottom of the 7th over - 0 runs, 1 hit, 0 errors, 1 left on base; Preston 1 - Footscray 0
TOP OF THE 8TH
Preston Eagles batting - Pitching for Footscray Bulldogs : RHP Destin Stuckey
Now at 3B: Ethan Rymer
Batting: LHB Tony Hoyle 0-0: Foul Ball, location: 2F
0-1: Ball
1-1: Swinging Strike
1-2: Strikes out swinging
Batting: RHB R.W. Tattam 0-0: Called Strike
0-1: Foul Ball, location: 2F
0-2: Ball
1-2: SINGLE (Line Drive, 9S, EV 107.5 MPH)
Batting: RHB Al Clack 0-0: Ball
1-0: Swinging Strike
1-1: Swinging Strike
1-2: Foul Ball, location: 2F
1-2: Ball
2-2: Fly out, F6 (Popup, 4M, EV 55.0 MPH)
Batting: LHB Michael Day 0-0: Called Strike
0-1: Foul Ball, location: 25F
0-2: SINGLE (Groundball, 23, EV 66.3 MPH) (infield hit)
R.W. Tattam to second
Batting: LHB Jeff Hegarty 0-0: Ball
1-0: Ball
2-0: Swinging Strike
2-1: Swinging Strike
2-2: Foul Ball, location: 2F
2-2: Ball
3-2: Strikes out swinging
Top of the 8th over - 0 runs, 2 hits, 0 errors, 2 left on base; Preston 1 - Footscray 0
BOTTOM OF THE 8TH
Footscray Bulldogs batting - Pitching for Preston Eagles : RHP Luke Marris
Batting: RHB Marvin Fairchild 0-0: Ball
1-0: Reached on error, E5 (Groundball, 5, EV 90.0 MPH)
Batting: SHB Matt Brentnall 0-0: Called Strike
0-1: Called Strike
0-2: Fly out, F8 (Flyball, 8RD, EV 102.5 MPH)
Pinch Hitting: RHB Marc Dumbrill 0-0: Called Strike
0-1: Foul Ball, location: 9LDF
0-2: Fly out, F8 (Flyball, 8LM, EV 90.0 MPH)
Pinch Hitting: RHB Reg Dainty 0-0: Ground out 4-3 (Groundball, 34S, EV 80.6 MPH)
Bottom of the 8th over - 0 runs, 0 hits, 1 error, 1 left on base; Preston 1 - Footscray 0
TOP OF THE 9TH
Preston Eagles batting - Pitching for Footscray Bulldogs : RHP Destin Stuckey
Pitching: LHP Ozzie Catlow
Now at SS: Bill Bransington
Now in LF: Reg Dainty
Pinch Hitting: RHB Jeremie Shoesmith 0-0: Ground out 5-3 (Groundball, 56S, EV 81.9 MPH)
Batting: RHB Zackary Scott 0-0: Ball
1-0: Ball
2-0: Ball
3-0: Called Strike
3-1: Foul Ball, location: 3F
3-2: Foul Ball, location: 2F
3-2: Foul Ball, location: 2F
3-2: Fly out, F4 (Popup, 4, EV 73.8 MPH)
Batting: LHB Phil Kearns 0-0: Foul Ball, location: 7LMF
0-1: Foul Ball, location: 23FF
0-2: Foul Ball, location: 7LDF
0-2: Ball
1-2: Foul Ball, location: 5SF
1-2: Ball
2-2: Ball
3-2: Fly out, F9 (Flyball, 89S, EV 96.9 MPH)
Top of the 9th over - 0 runs, 0 hits, 0 errors, 0 left on base; Preston 1 - Footscray 0
BOTTOM OF THE 9TH
Footscray Bulldogs batting - Pitching for Preston Eagles : RHP Luke Marris
Now at C: Jim Mauger
Batting: RHB Brad Angwin 0-0: Ball
1-0: Ball
2-0: Fly out, F9 (Flyball, 89M, EV 90.0 MPH)
Batting: RHB Bob Alley 0-0: Ball
1-0: Ball
2-0: Fly out, F9 (Flyball, 89M, EV 85.0 MPH)
Batting: RHB Colin Matthews 0-0: Called Strike
0-1: Foul Ball, location: 23F
0-2: Ball
1-2: Foul Ball, location: 9LSF
1-2: SINGLE (Groundball, 6D, EV 106.3 MPH)
Batting: LHB Ethan Rymer 0-0: Ball
1-0: Ball
2-0: Called Strike
2-1: Foul Ball, location: 2F
2-2: Strikes out swinging
Bottom of the 9th over - 0 runs, 1 hit, 0 errors, 1 left on base; Preston 1 - Footscray 0
Saturday, April 27th , 2024 - OOTP Baseball 24.9 Build 80